 Dungeon Crawl Stone Soup version 0.23-a0-137-gef0ad6d46f (webtiles) character file.

153 RedPan the Grave Robber (level 5, -1/35 HPs)
             Began as a Mummy Necromancer on Aug 29, 2018.
             Killed from afar by Sigmund (6 damage)
             ... with a magic dart
             ... on level 3 of the Dungeon.
             The game lasted 00:05:26 (3409 turns).

RedPan the Grave Robber (Mummy Necromancer)         Turns: 3409, Time: 00:05:27

Health: -1/35      AC:  4    Str: 11    XL:     5   Next: 12%
Magic:  0/11       EV: 12    Int: 16    God:
Gold:   184        SH:  0    Dex: 12    Spells: 3/12 levels left

rFire    x . .     SeeInvis .   g - +0 dagger (drain)
rCold    + . .     Gourm    .   (no shield)
rNeg     + + +     Faith    .   j - +2 robe {rN+}
rPois    ∞         Spirit   .   (no helmet)
rElec    .         Reflect  .   (no cloak)
rCorr    .         Harm     .   (no gloves)
MR       .....                  (no boots)
Stlth    ++........             (no amulet)
HPRegen  0.11/turn              f - ring of wizardry
MPRegen  0.12/turn              (no ring)

@: very slightly contaminated
A: no food or potions, fire vulnerability, cold resistance 1, negative energy
resistance 3, torment resistance, unbreathing
a: no special abilities


You were on level 3 of the Dungeon.
You were not hungry.

You visited 1 branch of the dungeon, and saw 3 of its levels.

You collected 184 gold pieces.

Inventory:

Hand Weapons
 d - a +0 dagger
 g - a +0 dagger of draining (weapon)
 h - a +2 vampiric dagger
Armour
 a - a +0 robe
 j - a +2 robe of positive energy (worn)
Jewellery
 f - a ring of wizardry (left hand)
Scrolls
 b - a scroll of enchant weapon
 c - 2 scrolls of identify
 e - a scroll of teleportation
 i - a scroll of remove curse


   Skills:
 - Level 1.5 Dodging
 - Level 1.5 Stealth
 + Level 4.3 Spellcasting
 * Level 5.8 Necromancy


You had 3 spell levels left.
You knew the following spells:

 Your Spells              Type           Power        Failure   Level  Hunger
a - Pain                  Necr           ###.         1%          1    N/A
b - Animate Skeleton      Necr           N/A          1%          1    N/A
c - Vampiric Draining     Necr           ###.......   1%          3    N/A
d - Animate Dead          Necr           N/A          6%          4    N/A

Your spell library contained the following spells:

 Spells                   Type           Power        Failure   Level  Hunger
 Regeneration             Chrm/Necr      Unusable     N/A         3    N/A

Dungeon Overview and Level Annotations

Branches:
Dungeon (3/15)

Altars:
Trog

Annotations:
D:3 Sigmund


Innate Abilities, Weirdness & Mutations

You do not eat or drink.
Your flesh is vulnerable to fire.
You are immune to poison.
Your flesh is cold resistant. (rC+)
You are immune to negative energy. (rN+++)
You are immune to unholy pain and torment.
You can survive without breathing.


Message History

Aiming: Vampiric Draining (safe; 1% risk of failure)
Press: ? - help, Shift-Dir - straight line You feel life coursing into your body.
You hear a zap.
Casting: Vampiric Draining (safe; 1% risk of failure)
Confirm with . or Enter, or press ? or * to list all spells.
Aiming: Vampiric Draining (safe; 1% risk of failure)
Press: ? - help, Shift-Dir - straight line You miscast Vampiric Draining.
You are very lightly contaminated with residual magic.
Nothing appears to happen.
You hear a zap.
Something tries to affect you, but you resist.
You closely miss something. Something hits you.
* * * LOW HITPOINT WARNING * * *
You hit something.
You hear some strange, mumbled words.
A magic dart appears from out of thin air!
The magic dart hits you!
You die...

#............#
###.##.####..# #.#..#
#.(# . ###...## #†.# #
..#....## #).#### #
#.....#.######.....# #
#..................# #
#...###..######...†#####
#.....{@.$.# #.#....##.
#.##.......# #.###.....
#........=.# #.# #....#
###........# #.# #....#
####.#....# #. #...<#
.....>..# ######
#.........# #.# .......


There were no monsters in sight!

Vanquished Creatures
  Jessica (D:2)
  An adder (D:3)
  4 gnolls (D:2)
  2 oozes
  2 worms
  6 dart slugs
  2 leopard geckos (D:1)
  An orc (D:3)
  5 bats
  8 goblins
  4 hobgoblins
  3 jackals (D:1)
  2 ball pythons
  8 frilled lizards
  3 kobolds
  5 rats
  A plant (D:2)
58 creatures vanquished.

Vanquished Creatures (collateral kills)
  A frilled lizard (D:3)
1 creature vanquished.

Grand Total: 59 creatures vanquished

Notes
Turn   | Place    | Note
-------+----------+-------------------------------------------
     0 | D:1      | RedPan the Mummy Necromancer began the quest for the Orb.
     0 | D:1      | Reached XP level 1. HP: 13/13 MP: 4/4
   291 | D:1      | Reached XP level 2. HP: 19/19 MP: 3/6
   940 | D:1      | Reached XP level 3. HP: 24/24 MP: 3/7
  1437 | D:1      | Learned a level 1 spell: Animate Skeleton
  1441 | D:1      | Learned a level 3 spell: Vampiric Draining
  1573 | D:2      | Reached skill level 5 in Necromancy
  1793 | D:2      | Reached XP level 4. HP: 11/30 MP: 2/9
  2787 | D:2      | Found a bloodstained altar of Trog.
  2849 | D:2      | Noticed Jessica
  2857 | D:2      | Killed Jessica
  2975 | D:2      | Reached XP level 5. HP: 35/35 MP: 9/11
  3229 | D:3      | Learned a level 4 spell: Animate Dead
  3396 | D:3      | Noticed Sigmund
  3409 | D:3      | Killed from afar by Sigmund

Vault maps used:
D:1:      evilmike_arrival_run_for_it
D:2:      minmay_door_path, lemuel_round_altar, serial_forest,
          infiniplex_forest_clump_long, infiniplex_forest_clump_medium,
          infiniplex_forest_corner_1, infiniplex_forest_corner_2,
          infiniplex_forest_corner_1, infiniplex_forest_lined_corner,
          infiniplex_forest_pool, infiniplex_forest_clump_C,
          kennysheep_decorative_pillar, uniq_jessica
D:3:      nicolae_qazlal_eye_of_the_storm, uniq_ijyb, uniq_sigmund

Skill      XL: |  1  2  3  4 |
---------------+-------------+-----
Spellcasting   | 3 4 |  4.3
Necromancy     | 5 |  5.8
Dodging        | |  1.5
Stealth        | |  1.5

Action                   |  1- 3 |  4- 6 || total
-------------------------+-------+-------++-------
Melee: Dagger            |    24 |    87 ||   111
 Cast: Pain              |    75 |    66 ||   141
       Animate Dead      |       |     1 ||     1
       Vampiric Draining |       |     1 ||     1
  Use: Scroll            |       |     4 ||     4
Armor: Robe              |     7 |     1 ||     8
Dodge: Dodged            |    21 |    13 ||    34

Table legend:
 A = Non-vault XP
 B = Vault XP
 C = Vault XP percentage of total XP
 D = Non-vault monster count
 E = Vault monster count
 F = Vault count percentage of total count
                 A         B        C        D         E       F
            +---------+---------+-------+---------+---------+-------
      Total |     171 |      48 |  21.9 |      54 |       4 |   6.9
            +---------+---------+-------+---------+---------+-------
        D:1 |      64 |       5 |   7.2 |      30 |       1 |   3.2
        D:2 |      84 |      43 |  33.9 |      17 |       3 |  15.0
        D:3 |      23 |       0 |   0.0 |       7 |       0 |   0.0
            +---------+---------+-------+---------+---------+-------
